 Dungeon Crawl Stone Soup version 0.17.2 (webtiles) character file.

25 Goblin1989 the Changer (level 2, 0/22 HPs)
             Began as a Demonspawn Wanderer on June 25, 2016.
             Slain by an adder (5 damage)
             ... on level 2 of the Dungeon.
             The game lasted 00:05:17 (1727 turns).

Goblin1989 the Changer (Demonspawn Wanderer)        Turns: 1727, Time: 00:05:17

Health: 0/22       AC:  2    Str: 14    XL:     2   Next: 82%
Magic:  3/3        EV: 11    Int: 11    God:
Gold:   42         SH:  0    Dex: 12    Spells: 1 memorised, 2 levels left

rFire  . . .     SeeInvis .       - Unarmed
rCold  . . .     Clarity  .     e - +0 robe
rNeg   . . .     SustAt   .     (no shield)
rPois  .         Gourm    .     (no helmet)
rElec  .         Spirit   .     (no cloak)
rCorr  .         Warding  .     (no gloves)
rMut   .         Stasis   .     (no boots)
MR     .....                    (no amulet)
Stlth  ++........               (no ring)
                                (no ring)

@: lethally poisoned (0 -> -6), not resistant to hostile enchantments,
unstealthy
A: claws 1
a: no special abilities


You were on level 2 of the Dungeon.
You were hungry.

You visited 1 branch of the dungeon, and saw 2 of its levels.

You collected 42 gold pieces.

Inventory:

Hand Weapons
 b - a +2 blowgun
Missiles
 a - 2 curare-tipped needles
 k - 32 arrows
Armour
 e - a +0 robe (worn)
Jewellery
 g - an uncursed ring of protection from cold {unknown}
Scrolls
 i - a scroll of magic mapping {unknown}
 j - a scroll of remove curse {unknown}
Potions
 h - a potion of ambrosia {unknown}
Books
 c - Sif Muna's Volume of the Voyage

   Spells                             Type                      Level
   a - Apportation                    Translocation                1
   b - Portal Projectile              Translocation                3
 d - Jusobuh's Disquisition on Transformation

   Spells                             Type                      Level
   a - Stoneskin                      Transmutation/Earth          2
   b - Sticks to Snakes               Transmutation                2
Comestibles
 f - a bread ration


   Skills:
 - Level 2.0 Fighting
 - Level 1.0 Throwing
 + Level 0.6 Dodging
 - Level 1.1 Stealth
   Level 1.0 Shields
 * Level 2.0 Unarmed Combat
 - Level 1.0 Spellcasting
   Level 2.6 Transmutations
   Level 1.0 Air Magic


You had 2 spell levels left.
You knew the following spells:

 Your Spells              Type           Power        Failure   Level  Hunger
a - Apportation           Tloc           #.........   34%         1    ##.....


Dungeon Overview and Level Annotations

Branches:
Dungeon (2/15)

Altars:

Annotations:
D:2 Jessica


Innate Abilities, Weirdness & Mutations

You have sharp fingernails.


Message History

You take 5 damage, and have 14/22 hp.
MASSIVE DAMAGE!!
k - 32 arrows (gained 23)
The goblin shoots a stone.
The stone hits you.
You see here a stone.
You take 5 damage, and have 9/22 hp.
MASSIVE DAMAGE!!
An adder comes into view.
The goblin shoots a stone.
The stone hits you.
* * * LOW HITPOINT WARNING * * *
Things that are here:
a stone; 16 gold pieces You take 4 damage, and have 5/22 hp.
You see here a rat skeleton.
You scratch the adder. The adder barely misses you.
You closely miss the adder. The adder closely misses you.
You barely miss the adder. The adder barely misses you.
You miss the adder. The adder bites you.
* * * LOW HITPOINT WARNING * * *
You are lethally poisoned!
The adder poisons you! The adder bites you.
You die...

### ##### #.## #.... #..##
#.... ##### #####..##### #..[.
####...####..##......####....
..............................
#####.....÷.S@....<....###....
###...##..####...#.# #.... .#
######..#########..)# #..<.
... #........##.....##..#
##### .#..
#...............###...
.....##......#.##.....# #.#..
#..†.#.####.##.....###.##.
#.##...S...........?...#
#..###.######.##.####...


You could see an adder.

Vanquished Creatures
  An adder (D:2)
  A giant gecko (D:2)
  A giant cockroach (D:1)
  2 hobgoblins (D:1)
  A kobold (D:1)
  4 bats (D:1)
  2 giant newts
  3 goblins
  4 rats
19 creatures vanquished.

Notes
Turn   | Place    | Note
--------------------------------------------------------------
     0 | D:1      | Goblin1989 the Demonspawn Wanderer began the quest for the Orb.
     0 | D:1      | Goblin1989 set off with: 2 curare-tipped needles, a +2 blowgun, Sif Muna's Volume of the Voyage, Jusobuh's Disquisition on Transformation, a +0 robe, a bread ration
     0 | D:1      | Reached XP level 1. HP: 16/16 MP: 2/2
     0 | D:1      | Identified Sif Muna's Volume of the Voyage
     0 | D:1      | Identified Jusobuh's Disquisition on Transformation
     2 | D:1      | Learned a level 1 spell: Apportation
   595 | D:1      | Reached skill level 1 in Unarmed Combat
  1079 | D:1      | Gained mutation: You have sharp fingernails. [demonic ancestry]
  1079 | D:1      | Reached XP level 2. HP: 15/22 MP: 3/3
  1699 | D:2      | Noticed Jessica
  1727 | D:2      | Slain by an adder

Action                   || total
-------------------------++-------
Melee: Unarmed           ||   109
 Stab: Sleeping          ||     1
  Eat: Chunk             ||     2
